 Dungeon Crawl Stone Soup version 0.30-a0-4-ga7cffc901d (webtiles) character file.

Game seed: 14418718034885538205

56 Setbun the Cutter (level 4, 0/26 HPs)
             Began as a Kobold Brigand on Aug 21, 2022.
             Succumbed to an adder's poison
             ... on level 2 of the Dungeon.
             The game lasted 00:00:45 (1101 turns).

Setbun the Cutter (Kobold Brigand)                  Turns: 1101, Time: 00:00:46

Health: 0/26       AC:  3    Str:  8    XL:     4   Next: 15%
Magic:  4/4        EV: 14    Int: 12    God:
Gold:   23         SH:  0    Dex: 18    Spells: 3/3 levels left

rFire   . . .      SeeInvis .    a - +2 dagger
rCold   . . .      Faith    .    (no shield)
rNeg    . . .      Spirit   .    b - +0 robe
rPois   .          Reflect  .    (no helmet)
rElec   .          Harm     .    c - +0 cloak
rCorr   .          Rampage  .    (no gloves)
Will    .....                    (no boots)
Stlth   ++++......               (no amulet)
HPRegen 0.08/turn                (no ring)
MPRegen 0.09/turn                (no ring)

@: mighty, lethally poisoned (0 -> -4), studying Dodging
A: small, no large weapons, nightstalker 3
a: no special abilities


You were on level 2 of the Dungeon.
You visited 1 branch of the dungeon, and saw 2 of its levels.

You collected 23 gold pieces.

Inventory:

Hand Weapons
 a - a +2 dagger (weapon)
Missiles
 d - 9 poisoned darts (quivered)
 e - 3 curare-tipped darts
Armour
 b - a +0 robe (worn)
 c - a +0 cloak (worn)
Jewellery
 h - a +4 ring of protection
Scrolls
 g - a scroll of enchant armour {unknown}
 i - a scroll of noise {unknown}
 j - 2 scrolls of identify {unknown}
 k - a scroll of butterflies {unknown}
 l - a scroll of amnesia {unknown}
Potions
 f - a potion of might


   Skills:
 - Level 2.1 Fighting
 + Level 5.5 Short Blades
 - Level 2.1 Throwing
 - Level 1.2 Dodging
 - Level 5.3 Stealth


You had 3 spell levels left.
You didn't know any spells.
Your spell library was empty.

Dungeon Overview and Level Annotations

Branches:
Dungeon (2/15)

Altars:


Innate Abilities, Weirdness & Mutations

You are small and have problems with some larger weapons.
You are completely attuned to the shadows.


Message History

The bat attacks as you move away! The bat hits you but does no damage.
The bat hits you.
You hit the adder.
The adder is heavily wounded.
The adder closely misses you.
You closely miss the adder.
The adder is heavily wounded.
The adder bites you but does no damage.
You hit the adder but do no damage.
The adder is heavily wounded.
The adder closely misses you.
You hit the adder.
The adder is severely wounded.
The adder misses you.
You hit the adder.
The adder is almost dead.
The adder barely misses you.
You miss the adder.
The adder is almost dead.
The adder bites you.
You are poisoned.
The adder poisons you!
You hit the adder but do no damage.
The adder is almost dead.
You feel sick. The adder bites you.
* * * LOW HITPOINT WARNING * * *
You are lethally poisoned!
The adder poisons you!
You hit the adder.
You kill the adder!
* * * LOW HITPOINT WARNING * * *
You feel sick. The bat closely misses you. The rat closely misses you.
You have reached level 4!
It was a potion of might.
You feel very mighty all of a sudden.
* * * LOW HITPOINT WARNING * * *
You feel sick. The rat barely misses you.
You puncture the rat!
You kill the rat!
You die...

#†# #.# # #.# # #.# #
..#. .# #.####
#.#.#r##.##. ###...##
..#...##.... .........
!..#.##†.# ####...##
..#†#Jb@..#########..##
......##.............###
.##.#.##..##########.#..
.?.......# #.#.#
#.###.##..# #†#.# ..
.......# #.#.# #.####..#
#.#.# #. #..# #.#†#
#...#


You could see an endoplasm and a bat.

Vanquished Creatures
  Natasha (D:2)
  An adder (D:2)
  A dart slug (D:1)
  A ball python (D:2)
  2 bats
  An endoplasm (D:1)
  2 giant cockroaches
  2 goblins (D:2)
  3 hobgoblins (D:2)
  2 jackals (D:2)
  2 rats (D:2)
18 creatures vanquished.

Notes
Turn   | Place    | Note
-------+----------+-------------------------------------------
     0 | D:1      | Setbun the Kobold Brigand began the quest for the Orb.
     0 | D:1      | Reached XP level 1. HP: 12/12 MP: 1/1
   282 | D:1      | Reached XP level 2. HP: 17/17 MP: 2/2
   915 | D:2      | Noticed Natasha
   918 | D:2      | Killed Natasha
   919 | D:2      | Reached skill level 5 in Short Blades
   919 | D:2      | Reached XP level 3. HP: 21/21 MP: 3/3
  1100 | D:2      | Reached XP level 4. HP: 3/26 MP: 4/4
  1100 | D:2      | HP: 1/26 [poisoned by an adder]
  1101 | D:2      | Succumbed to an adder's poison

Illustrated notes

Levels and vault maps discovered:
D:1:      wander_arrival_peaceful_grave, layout_loops_ring
D:2:      minmay_chambers_of_ones, layout_loops_ring,
          dreamdust_ecumenical_altar_hidden_monk_grotto, minmay_diced_spiral,
          uniq_crazy_yiuf_cottage, uniq_natasha

Skill      XL: |  1  2 |
---------------+-------+-----
Short Blades   | 3 5 |  5.5
Fighting       | |  2.1
Throwing       | |  2.1
Dodging        | |  1.2
Stealth        | |  5.3

Action                   |  1- 3 |  4- 6 || total
-------------------------+-------+-------++-------
Melee: Dagger            |    53 |     1 ||    54
       Punch             |     2 |       ||     2
  Use: Potion            |       |     1 ||     1
 Stab: Sleeping          |     9 |       ||     9
Armor: Robe              |    12 |       ||    12
Dodge: Dodged            |    34 |     1 ||    35

Table legend: (Time is in decaauts)
 A = Elapsed time spent in this place.
 B = Non-inter-level travel time spent in this place.
 C = Inter-level travel time spent in this place.
 D = Time resting spent in this place.
 E = Time spent auto-exploring this place.
 F = Levels seen in this place.
 G = Mean time per level.
                   A        B        C        D        E       F      G
               +--------+--------+--------+--------+--------+-----+--------+
         Total |   1088 |   1077 |     11 |      0 |    964 |   2 |  544.0 |
       Dungeon |   1088 |   1077 |     11 |      0 |    964 |   2 |  544.0 |
               +--------+--------+--------+--------+--------+-----+--------+

Top non-repeatable levels by time:
     D:1: 715 daAuts
     D:2: 373 daAuts
